 Dungeon Crawl Stone Soup version 0.28-a0-1212-gc6b4282bc0 (webtiles) character file.

Game seed: 3146506754922228675

266 ChaosChampion the Insei (level 6, -3/47 HPs)
             Began as a Draconian Transmuter on Dec 21, 2021.
             Killed by nerve-wracking pain
             ... invoked by an orc priest
              (10 damage)
             ... on level 4 of the Dungeon.
             The game lasted 00:04:19 (3274 turns).

ChaosChampion the Insei (Draconian Transmuter)      Turns: 3274, Time: 00:04:19

Health: -3/47      AC:  7    Str: 12    XL:     6   Next: 0%
Magic:  6/9        EV: 12    Int: 15    God:
Gold:   208        SH:  0    Dex: 12    Spells: 6/9 levels left

rFire   . . .      SeeInvis .     - Unarmed
rCold   . . .      Faith    .   (no shield)
rNeg    . . .      Spirit   .   (armour unavailable)
rPois   .          Reflect  .   (helmet restricted)
rElec   .          Harm     .   (no cloak)
rCorr   .          Rampage  .   o - +0 pair of gloves
Will    .....                   (no boots)
Stlth   +.........              f - amulet of regeneration
HPRegen 0.95/turn               (no ring)
MPRegen 0.11/turn               (no ring)

@: wereblooded
A: AC +6, unfitting armour, cold-blooded
a: no special abilities


You were on level 4 of the Dungeon.
You visited 1 branch of the dungeon, and saw 4 of its levels.

You collected 208 gold pieces.

Inventory:

Missiles
 h - 2 datura-tipped darts (quivered)
Armour
 o - a +0 pair of gloves (worn)
Magical Staves
 k - a staff of fire
Jewellery
 f - an amulet of regeneration (around neck)
 l - a ring of magical power
Wands
 n - a wand of iceblast (8)
Scrolls
 a - 3 scrolls of identify {unknown}
 e - a scroll of torment {unknown}
 g - a scroll of blinking {unknown}
 i - a scroll of acquirement {unknown}
 j - a scroll of noise {unknown}
Potions
 b - 3 potions of heal wounds {unknown}
 c - a potion of brilliance {unknown}
 d - 3 potions of flight {unknown}
 m - a potion of haste {unknown}


   Skills:
 - Level 1.1 Fighting
 - Level 1.7 Dodging
 * Level 5.8 Unarmed Combat
 - Level 2.0 Spellcasting
 + Level 3.9 Transmutations


You had 6 spell levels left.
You knew the following spells:

 Your Spells              Type           Power      Damage    Failure   Level
a - Beastly Appendage     Tmut           26%        N/A       4%          1
b - Wereblood             Tmut           13%        N/A       7%          2

Your spell library contained the following spells:

 Spells                   Type           Power      Damage    Failure   Level
 Spider Form              Tmut/Pois      7%         N/A       30%         3
 Ice Form                 Ice/Tmut       7%         N/A       69%         4


Dungeon Overview and Level Annotations

Branches:
Dungeon (4/15)
 Temple: D:4-7

Altars:
Kikubaaqudgha


Innate Abilities, Weirdness & Mutations

Your plain brown scales are hard. (AC +6)
You cannot fit into any form of body armour.
You are cold-blooded and may be slowed by cold attacks.


Message History

The orc barely misses you.
You hit the orc but do no damage.
The orc is heavily wounded.
The orc hits you with a +3 flail!
You closely miss the orc.
The orc is heavily wounded.
The orc hits you with a +3 flail.
You hit the orc.
The orc is severely wounded.
The orc hits you with a +3 flail.
Casting: Wereblood (safe; 7% risk of failure)
Confirm with . or Enter, or press ? or * to list all spells.
Your blood is infused with primal strength.
The orc hits you but does no damage.
You hit the orc.
You feel a bit better.
You kill the orc!
You have reached level 6!
Your scales feel tougher.
You closely miss the orc priest.
The orc priest calls down the wrath of Beogh upon you.
Beogh smites you!
* * * LOW HITPOINT WARNING * * *
You completely miss the orc priest. You hit the orc priest.
The orc priest is lightly wounded.
The orc priest invokes the aid of Beogh against you.
Beogh smites you!
* * * LOW HITPOINT WARNING * * *
You closely miss the orc priest.
The orc priest is lightly wounded.
The orc priest miscasts a cantrip.
Okay, then.
Aiming: Iceblast
Press: ? - help, Shift-Dir - straight line
Okay, then.
You barely miss the orc priest.
The orc priest is lightly wounded.
The orc priest invokes the aid of Beogh against you.
Pain shoots through your body!
You die...

#........... #.#
#........... #.#
#........... ##.##
#........... +#...#+
#........>..
#.....######...........
.......................
.........###.+#'########.
...[....## #..#.@o)......
.......## #..###########
.......+ #... .......##
#.### ...#....# #.#
.##'##..# #.### ##((.##.#
... #######.####.####
...........[.....


You could see an orc priest.

Vanquished Creatures
  A centaur (D:4)
  An orc wizard (D:4)
  4 adders
  A worm (D:2)
  A dart slug (D:3)
  14 orcs
  6 ball pythons
  6 endoplasms
  3 giant cockroaches
  17 goblins
  15 hobgoblins
  4 quokkas
  7 bats
  2 frilled lizards (D:2)
  9 kobolds
  5 rats
96 creatures vanquished.

Notes
Turn   | Place    | Note
-------+----------+-------------------------------------------
     0 | D:1      | ChaosChampion the Draconian Transmuter began the quest for
                  | the Orb.
     0 | D:1      | Reached XP level 1. HP: 16/16 MP: 3/3
   256 | D:1      | Reached XP level 2. HP: 12/23 MP: 5/5
   689 | D:1      | Learned a level 2 spell: Wereblood
  1112 | D:2      | Found a faded altar of an unknown god.
  1163 | D:2      | Reached XP level 3. HP: 28/28 MP: 2/6
  1305 | D:2      | Reached skill level 4 in Unarmed Combat
  1663 | D:2      | Reached XP level 4. HP: 33/35 MP: 4/7
  2285 | D:3      | Found an ancient bone altar of Kikubaaqudgha.
  2555 | D:4      | Reached skill level 5 in Unarmed Combat
  2573 | D:4      | Reached XP level 5. HP: 33/40 MP: 8/8
  2600 | D:4      | Noticed an ogre
  2958 | D:4      | Noticed a centaur
  2973 | D:4      | Killed a centaur
  3269 | D:4      | Reached XP level 6. HP: 27/47 MP: 6/9
  3274 | D:4      | Killed from afar by an orc priest

Illustrated notes

Levels and vault maps discovered:
D:1:      minmay_arrival_nine_rooms, layout_rooms
D:2:      cheibrodos_greedy_goblins, layout_basic,
          ebering_ecumenical_altar_abandoned
D:3:      layout_rooms, mainiacjoe_overflow_brackets
D:4:      layout_basic, dk_vineyard_3, minmay_pentangle

Skill      XL: |  1  2  3  4 |
---------------+-------------+-----
Unarmed Combat | 4 5 |  5.8
Transmutations | 3 |  3.9
Fighting       | |  1.1
Dodging        | |  1.7
Spellcasting   | |  2.0

Action                   |  1- 3 |  4- 6 || total
-------------------------+-------+-------++-------
Melee: Unarmed           |   122 |   172 ||   294
       Kick              |    14 |     9 ||    23
       Tailslap          |     9 |    16 ||    25
       Headbutt          |     6 |     9 ||    15
       Punch             |     2 |     1 ||     3
 Cast: Beastly Appendage |    19 |    11 ||    30
       Wereblood         |    10 |    12 ||    22
Armor: Skin              |    34 |    48 ||    82
Dodge: Dodged            |    66 |    95 ||   161

Table legend: (Time is in decaauts)
 A = Elapsed time spent in this place.
 B = Non-inter-level travel time spent in this place.
 C = Inter-level travel time spent in this place.
 D = Time resting spent in this place.
 E = Time spent auto-exploring this place.
 F = Levels seen in this place.
 G = Mean time per level.
                   A        B        C        D        E       F      G
               +--------+--------+--------+--------+--------+-----+--------+
         Total |   3253 |   3206 |     47 |    200 |   2284 |   4 |  813.2 |
       Dungeon |   3253 |   3206 |     47 |    200 |   2284 |   4 |  813.2 |
               +--------+--------+--------+--------+--------+-----+--------+

Top non-repeatable levels by time:
     D:1: 1051 daAuts
     D:2: 974 daAuts
     D:3: 723 daAuts
     D:4: 503 daAuts
